 Dungeon Crawl Stone Soup version 0.30-a0-719-gcc4359ea44 (webtiles) character file.

Game seed: 10524604804415166813

62 Absynth the Ruffian (level 3, -5/35 HPs)
             Began as a Troll Gladiator on Jan 26, 2023.
             Slain by an orc
             ... wielding a +0 hand axe
              (7 damage)
             ... on level 3 of the Dungeon.
             The game lasted 00:03:55 (2169 turns).

Absynth the Ruffian (Troll Gladiator)               Turns: 2169, Time: 00:03:56

Health: -5/35      AC:  4    Str: 24    XL:     3   Next: 85%
Magic:  2/2        EV: 10    Int:  4    God:
Gold:   113        SH:  0    Dex: 11    Spells: 2/2 levels left

rFire   . . .      SeeInvis .      - Unarmed
rCold   . . .      Faith    .    (no shield)
rNeg    . . .      Spirit   .    a - +0 robe
rPois   .          Reflect  .    b - +0 hat
rElec   .          Harm     .    (no cloak)
rCorr   .          Rampage  .    (gloves unavailable)
Will    .....                    (boots unavailable)
Stlth   +                        (no amulet)
HPRegen 1.05/turn                (no ring)
MPRegen 0.08/turn                (no ring)

@: no status effects
A: large, unfitting armour, claws 3, regeneration 1, shaggy fur 1, tough skin 1
a: no special abilities


You were on level 3 of the Dungeon.
You visited 1 branch of the dungeon, and saw 3 of its levels.

You collected 113 gold pieces.

Inventory:

Missiles
 c - 3 throwing nets (quivered)
 d - a large rock
 j - 4 poisoned darts
Armour
 a - a +0 robe (worn)
 b - a +0 hat (worn)
Jewellery
 m - a ring of wizardry
 n - a ring of wizardry
Wands
 w - a wand of roots (13)
Scrolls
 e - 2 scrolls of fear {unknown}
 f - a scroll of teleportation {unknown}
 h - 2 scrolls of identify {unknown}
 i - a scroll of silence {unknown}
 l - 2 scrolls of amnesia {unknown}
 q - a scroll of vulnerability {unknown}
 r - 2 scrolls of fog {unknown}
 v - a scroll of noise {unknown}
 x - a scroll of blinking {unknown}
Potions
 g - a potion of flight {unknown}
 k - 2 potions of haste {unknown}
 o - a potion of curing {unknown}
 p - a potion of brilliance {unknown}
 s - a potion of cancellation {unknown}
 t - a potion of ambrosia {unknown}
 u - a potion of lignification {unknown}


   Skills:
 + Level 2.2 Fighting
 - Level 1.7 Throwing
 + Level 2.8 Dodging
 * Level 4.0 Unarmed Combat


You had 2 spell levels left.
You didn't know any spells.
Your spell library was empty.

Dungeon Overview and Level Annotations

Branches:
Dungeon (3/15)

Altars:

Shops:
D:1 (


Innate Abilities, Weirdness & Mutations

You are too large for most types of armour.
You have claws for hands.
Your natural rate of healing is unusually fast.
You are covered in fur. (AC +1)
You have tough skin. (AC +1)


Message History

2 orcs come into view.
The orc moves out of view.
An orc priest and an orc come into view.
Found a club.
The orc shouts! x2; The orc priest shouts!
The orc throws a boomerang.
The boomerang hits you.
The orc throws a boomerang.
The boomerang hits you.
The orc throws a boomerang.
The boomerang hits you but does no damage.
Found a scroll labelled YWKUIMAEGU.
The orc barely misses you.
You closely miss the orc. The orc closely misses you. x2
The orc hits you with a +0 hand axe!
You claw the orc!
You kill the orc!
The orc throws a boomerang.
The boomerang hits you.
The orc priest casts a cantrip, but nothing happens.
The orc barely misses you. The orc closely misses you.
The orc hits you with a +0 club.
The orc priest mumbles some strange prayers to Beogh against you.
Beogh smites you!
* * * LOW HITPOINT WARNING * * *
The orc hits you with a +0 falchion.
* * * LOW HITPOINT WARNING * * *
The orc closely misses you.
Things that are here:
a +0 dagger; 3 boomerangs; an orc corpse You closely miss the orc priest.
The orc hits you with a +0 club.
* * * LOW HITPOINT WARNING * * *
The orc priest hits you but does no damage.
The orc hits you with a +0 falchion.
* * * LOW HITPOINT WARNING * * *
The orc closely misses you.
You closely miss the orc priest. You scratch the orc priest.
The orc priest is lightly wounded.
The orc hits you with a +0 club.
* * * LOW HITPOINT WARNING * * *
The orc priest closely misses you. The orc barely misses you.
The orc hits you with a +0 hand axe!
You die...

#.#.###. #
#.#....#+#######
..####...............
## ............#...###
....###...####.###...#
..........####.# #...#
....##.........#
#...###
......o..#######
#...#.. ......o@.#
#####.# ..)...oo.#
###'# .........# #....
.........# #####....
?....#+### #........
..... #........ #####
#........ #........
#.......#


You could see an orc priest and 3 orcs.

Vanquished Creatures
  An adder (D:3)
  2 worms
  4 dart slugs (D:1)
  An orc (D:3)
  5 endoplasms
  2 giant cockroaches
  A goblin (D:1)
  2 hobgoblins (D:1)
  2 kobolds (D:1)
  7 ball pythons
  3 bats
  2 frilled lizards (D:2)
  7 rats
39 creatures vanquished.

Notes
Turn   | Place    | Note
-------+----------+-------------------------------------------
     0 | D:1      | Absynth the Troll Gladiator began the quest for the Orb.
     0 | D:1      | Reached XP level 1. HP: 19/19 MP: 0/0
    75 | D:1      | Found Caumoth's Antique Weapon Shop.
   128 | D:1      | Reached XP level 2. HP: 28/28 MP: 1/1
   768 | D:1      | Reached XP level 3. HP: 35/35 MP: 2/2
  1511 | D:2      | Found a faded altar of an unknown god.
  2139 | D:3      | Reached skill level 4 in Unarmed Combat
  2169 | D:3      | Slain by an orc

Illustrated notes

Levels and vault maps discovered:
D:1:      ncdulo_wetmaze, layout_basic, serial_shops, nicolae_shop_trees
D:2:      layout_basic, shapermc_ecumenical_altar_hornbeckon
D:3:      layout_basic, uniq_terence

Skill      XL: |  1  2  3 |
---------------+----------+-----
Fighting       | 2 |  2.2
Unarmed Combat | 4 |  4.0
Throwing       | |  1.7
Dodging        | |  2.8

Action                     || total
---------------------------++-------
  Melee: Unarmed           ||    92
         Punch             ||     2
   Stab: Sleeping          ||     1
 Armour: Robe              ||    22
  Dodge: Dodged            ||    47

Table legend: (Time is in decaauts)
 A = Elapsed time spent in this place.
 B = Non-inter-level travel time spent in this place.
 C = Inter-level travel time spent in this place.
 D = Time resting spent in this place.
 E = Time spent auto-exploring this place.
 F = Levels seen in this place.
 G = Mean time per level.
                   A        B        C        D        E       F      G
               +--------+--------+--------+--------+--------+-----+--------+
         Total |   2162 |   2136 |     26 |      0 |   1878 |   3 |  720.7 |
       Dungeon |   2162 |   2136 |     26 |      0 |   1878 |   3 |  720.7 |
               +--------+--------+--------+--------+--------+-----+--------+

Top non-repeatable levels by time:
     D:1: 948 daAuts
     D:2: 723 daAuts
     D:3: 489 daAuts
